 Dungeon Crawl Stone Soup version 0.28.0-53-g5a82cb258f (webtiles) character file.

Game seed: 15757583086938022211

44 SanguineChosen the Chopper (level 3, 0/33 HPs)
             Began as a Minotaur Berserker on Aug 2, 2022.
             Was a Follower of Trog.
             Slain by a goblin
             ... wielding a +0 dagger
             ... led by Robin
              (3 damage)
             ... on level 1 of the Dungeon.
             The game lasted 00:03:27 (847 turns).

SanguineChosen the Chopper (Minotaur Berserker)      Turns: 847, Time: 00:03:28

Health: 0/33       AC:  2    Str: 23    XL:     3   Next: 39%
Magic:  2/2        EV: 11    Int:  4    God:    Trog [*.....]
Gold:   50         SH:  3    Dex:  9    Spells: 2/2 levels left

rFire   . . .      SeeInvis .   a - +0 hand axe
rCold   . . .      Faith    .   g - +0 buckler
rNeg    . . .      Spirit   .   b - +0 animal skin
rPois   .          Reflect  .   (helmet restricted)
rElec   .          Harm     .   (no cloak)
rCorr   .          Rampage  .   (no gloves)
Will    .....                   (no boots)
Stlth   +.........              (no amulet)
HPRegen 0.11/turn               (no ring)
MPRegen 0.08/turn               (no ring)

@: no status effects
A: horns 2, retaliatory headbutt
a: Renounce Religion, Berserk


You were on level 1 of the Dungeon.
You worshipped Trog.
Trog was aware of your devotion.
You visited 1 branch of the dungeon, and saw 2 of its levels.

You collected 50 gold pieces.

Inventory:

Hand Weapons
 a - a +0 hand axe (weapon)
Missiles
 d - 5 poisoned darts (quivered)
Armour
 b - a +0 animal skin (worn)
 g - a +0 buckler (worn)
Scrolls
 c - a scroll of amnesia {unknown}
 i - a scroll of torment {unknown}
Potions
 f - a potion of might {unknown}
 h - a potion of brilliance {unknown}


   Skills:
 + Level 4.2 Fighting
 + Level 4.4 Axes
 + Level 2.6 Armour
 + Level 2.6 Dodging
 + Level 0.3 Shields


You had 2 spell levels left.
You didn't know any spells.
Your spell library was empty.

Dungeon Overview and Level Annotations

Branches:
Dungeon (2/15)

Altars:

Annotations:
D:1 Robin


Innate Abilities, Weirdness & Mutations

You have a pair of horns on your head.
You reflexively headbutt those who attack you in melee.


Message History

The hobgoblin hits you but does no damage.
You climb upwards.
There is a stone staircase leading down here.
You barely miss Robin. You barely miss the hobgoblin. You hit the goblin. x2
You barely miss the hobgoblin. You hit the goblin but do no damage.
You block the goblin's attack. The goblin barely misses you.
The hobgoblin closely misses you. The goblin hits you with a +0 dagger.
The hobgoblin hits you.
Robin roars a battlecry!
The goblins go into a battle-frenzy!
You hit Robin. You headbutt Robin.
Robin is moderately wounded.
You barely miss the hobgoblin. You barely miss the goblin.
You slash the goblin!
You kill the goblin!
Trog accepts your kill.
You hit the hobgoblin.
You kill the hobgoblin!
Trog accepts your kill.
You hit the goblin. The goblin barely misses you.
The goblin closely misses you. The hobgoblin hits you.
Robin throws the goblin at you! The goblin hits you with a +0 dagger.
* * * LOW HITPOINT WARNING * * *
You barely miss Robin.
Robin is moderately wounded.
You hit the hobgoblin but do no damage. You barely miss the goblin.
You hit the goblin.
You kill the goblin!
Trog accepts your kill.
You hit the hobgoblin. The goblin hits you with a +0 dagger.
* * * LOW HITPOINT WARNING * * *
The hobgoblin barely misses you. You furiously retaliate!
You headbutt the hobgoblin. The hobgoblin hits you.
* * * LOW HITPOINT WARNING * * *
Robin hits you but does no damage.
You barely miss Robin.
Robin is moderately wounded.
You closely miss the hobgoblin. You hit the goblin. x2
You barely miss the hobgoblin. The goblin hits you with a +0 dagger.
You die...

##...##..#####... ###.#..## #...
#.#.## #... ###### #...# ####
.....#### #..## ........## ###..#
.[.......###### ##....# ##
#.P...P.......###g.#.## #>
#........##.#.#g@g##..# #)
....<....##....†gg.##.#### ###†
........###.#.##.........#####...
..P...P.###.#.####)..............
.......###..#.# #####...###.....
..######...##.# #.#.# #..... #.#
#..####.# #...# #..... #.# #.##
#.# ##..# ##.... #.#####.# #.#
#..# ##....


You could see Robin, 2 hobgoblins and 2 goblins.

Vanquished Creatures
  An adder (D:1)
  A dart slug (D:1)
  3 endoplasms (D:1)
  9 goblins
  4 hobgoblins (D:1)
  2 quokkas (D:1)
  2 bats (D:1)
  A frilled lizard (D:1)
  2 kobolds (D:1)
  2 rats (D:1)
27 creatures vanquished.

Vanquished Creatures (others)
  2 demonic plants (D:1)
2 creatures vanquished.

Grand Total: 29 creatures vanquished

Notes
Turn   | Place    | Note
-------+----------+-------------------------------------------
     0 | D:1      | SanguineChosen the Minotaur Berserker began the quest for
                  | the Orb.
     0 | D:1      | Reached XP level 1. HP: 19/19 MP: 0/0
   173 | D:1      | Found a faded altar of an unknown god.
   173 | D:1      | Noticed an orange demon
   188 | D:1      | Reached XP level 2. HP: 24/27 MP: 1/1
   745 | D:2      | Noticed Robin
   752 | D:1      | Reached XP level 3. HP: 10/33 MP: 2/2
   847 | D:1      | Slain by a goblin

Illustrated notes

Levels and vault maps discovered:
D:1:      dpeg_arrival_orchard, layout_rooms,
          dreamdust_ecumenical_altar_sealed_demon
D:2:      layout_basic, grunt_ministairs_1, uniq_robin

Skill      XL: |  1  2 |
---------------+-------+-----
Fighting       | 4 |  4.2
Axes           | 4 |  4.4
Armour         | |  2.6
Dodging        | |  2.6
Shields        | |  0.3

Action                   || total
-------------------------++-------
Melee: Hand axe          ||    51
       Headbutt          ||     4
  Use: Potion            ||     1
Armor: Animal skin       ||    10
Dodge: Dodged            ||    62
Block: Buckler           ||     7
